 Dungeon Crawl Stone Soup version 0.21.1-1-g345015f (webtiles) character file.

18754 tidbits the Covert (level 12, -2/91 HPs)
             Began as a Gnoll Enchanter on June 5, 2018.
             Was a High Priest of Cheibriados.
             Slain by a sun demon (20 damage)
             ... summoned by an orc sorcerer
             ... on level 2 of the Orcish Mines.
             The game lasted 01:03:52 (3404 turns).

tidbits the Covert (Gnoll Enchanter)                Turns: 3404, Time: 01:03:52

Health: -2/91      AC:  6    Str: 24    XL:     12   Next: 61%
Magic:  1/34       EV: 21    Int: 36    God:    Cheibriados [*****.]
Gold:   430        SH:  0    Dex: 28    Spells: 14/29 levels left

rFire    . . .     SeeInvis .   a - +1 dagger (venom)
rCold    . . .     Gourm    .   (no shield)
rNeg     . . .     Faith    +   R - +0 troll leather armour
rPois    .         Spirit   .   E - +1 hat
rElec    .         Reflect  .   (no cloak)
rCorr    .         Harm     .   (no gloves)
MR       .....                  (no boots)
Stlth    +++++.....             u - amulet of faith
HPRegen  0.65/turn              m - ring of magical power
MPRegen  0.24/turn              W - ring of wizardry

@: very slow
A: distributed training, fangs 1, horns 1, wild magic 2, strong nose
a: Bend Time, Temporal Distortion, Slouch, Step From Time, Renounce Religion


You were on level 2 of the Orcish Mines.
You worshipped Cheibriados.
Cheibriados was extremely pleased with you.
You were not hungry.

You visited 2 branches of the dungeon, and saw 14 of its levels.
You also visited: Labyrinth.

You collected 1019 gold pieces.
You spent 589 gold pieces at shops.

Inventory:

Hand Weapons
 a - a +1 dagger of venom (weapon)
   (You took it off an orc wizard on level 2 of the Orcish Mines)
 b - a +0 whip of electrocution
   (You took it off Pikel on level 5 of the Dungeon)
 t - a +0 morningstar
 B - a +2 demon blade of flaming
   (You took it off an infernal demonspawn on level 2 of the Orcish Mines)
 J - a +2 short sword of electrocution
   (You took it off an orc priest on level 12 of the Dungeon)
 K - a +3 dagger of distortion
   (You took it off Psyche on level 8 of the Dungeon)
Missiles
 d - 2 tomahawks of dispersal {!f}
 g - 5 tomahawks of returning (quivered)
 j - 26 stones
 n - 8 poisoned tomahawks
 o - 82 arrows
 I - 12 tomahawks
 O - 7 javelins
Armour
 D - a +2 helmet
 E - a +1 hat (worn)
 H - a +2 robe of the Archmagi
   (You took it off an orc sorcerer on level 2 of the Orcish Mines)
 R - a +0 troll leather armour (worn)
Magical Staves
 F - an uncursed staff of energy {unknown}
   (You found it on level 7 of the Dungeon)
Jewellery
 e - an uncursed ring of flight
   (You found it on level 2 of the Dungeon)
 k - an uncursed ring of resist corrosion
   (You took it off an orc on level 8 of the Dungeon)
 m - a ring of magical power (left hand)
   (You found it on level 10 of the Dungeon)
 u - an amulet of faith (around neck)
   (You found it on level 4 of the Dungeon)
 w - an uncursed ring of fire
   (You found it on level 4 of the Dungeon)
 L - a +2 ring of dexterity
   (You took it off Psyche on level 8 of the Dungeon)
 N - an uncursed amulet of magic regeneration
   (You found it on level 8 of the Dungeon)
 Q - an uncursed amulet of guardian spirit
   (You found it on level 9 of the Dungeon)
 W - a ring of wizardry (right hand)
   (You found it on level 5 of the Dungeon)
Wands
 l - a wand of acid (27)
 p - a wand of paralysis (3)
 v - a wand of digging (9)
 y - a wand of polymorph (6)
 z - a wand of flame (82)
 M - a wand of scattershot (3)
Scrolls
 h - a scroll of noise {unknown}
 i - 3 scrolls of remove curse
 q - 2 scrolls of blinking {unknown}
 s - 3 scrolls of teleportation
 C - a scroll of silence
 G - a scroll of fear
 S - 2 scrolls of torment {unknown}
 U - 3 scrolls of enchant weapon {unknown}
 X - a scroll of amnesia {unknown}
Potions
 f - a potion of ambrosia {unknown}
 x - a potion of cancellation
 A - 2 potions of lignification {unknown}
 P - a potion of flight {unknown}
 T - a potion of curing
 V - a potion of heal wounds
 Y - a potion of brilliance
Books
 r - Rathos's Grimoire of Damaging Envenoming
   (You found it in a labyrinth)

   Spells                             Type                      Level
   a - Magic Dart                     Conjuration                  1
   b - Shock                          Conjuration/Air              1
   c - Mephitic Cloud                 Conjuration/Poison/Air       3
   d - Iron Shot                      Conjuration/Earth            6
   e - Bolt of Cold                   Conjuration/Ice              6
 Z - a book of Conjurations
   (You found it on level 10 of the Dungeon)

   Spells                             Type                      Level
   a - Magic Dart                     Conjuration                  1
   b - Searing Ray                    Conjuration                  2
   c - Dazzling Spray                 Conjuration/Hexes            3
   d - Fulminant Prism                Conjuration/Hexes            4
   e - Force Lance                    Conjuration/Translocation    4
   f - Iskenderun's Mystic Blast      Conjuration                  4
Comestibles
 c - 17 rations


   Skills:
 + Level 7.3 Fighting
 + Level 7.8 Short Blades
 + Level 7.3 Long Blades
 + Level 7.3 Axes
 + Level 7.3 Maces & Flails
 + Level 7.3 Polearms
 + Level 7.3 Staves
 + Level 7.3 Slings
 + Level 7.3 Bows
 + Level 7.3 Crossbows
 + Level 7.3 Throwing
 + Level 7.3 Armour
 + Level 8.7 Dodging
 + Level 9.5 Stealth
 + Level 7.3 Shields
 + Level 7.3 Unarmed Combat
 + Level 9.0 Spellcasting
 + Level 6.1 Conjurations
 + Level 8.3 Hexes
 + Level 6.1 Charms
 + Level 6.1 Summonings
 + Level 6.1 Necromancy
 + Level 6.1 Translocations
 + Level 6.1 Transmutations
 + Level 6.1 Fire Magic
 + Level 6.1 Ice Magic
 + Level 6.1 Air Magic
 + Level 6.1 Earth Magic
 + Level 6.1 Poison Magic
 + Level 8.0 Invocations
 + Level 7.3 Evocations


You had 14 spell levels left.
You knew the following spells:

 Your Spells              Type           Power        Failure   Level  Hunger
a - Corona                Hex            #######      1%          1    None
c - Confuse               Hex            #######.     1%          3    None
d - Dazzling Spray        Conj/Hex       ######       1%          3    None
e - Ensorcelled Hibernat  Hex/Ice        ######       1%          2    None
m - Mephitic Cloud        Conj/Pois/Air  #######.     1%          3    None
u - Tukima's Dance        Hex            #######.     1%          3    None


Dungeon Overview and Level Annotations

Branches:
Dungeon (12/15)               Orc (2/2) D:12            Elf (0/3) Orc:2
 Temple: D:4-7         Lair: D:8-11

Altars:
Cheibriados
Dithmenos
Hepliaklqana
Okawaru
Ru
Xom
Beogh

Shops:
D:9 =*   D:10 *   Orc:2 [!}![

Annotations:
D:5 fly's ghost, novice HuSk
D:12 exclusion: deep elf mage


Innate Abilities, Weirdness & Mutations

Your experience applies equally to all skills.
You have very sharp teeth.
Your uncanny sense of smell can sniff out nearby items.
You have a pair of small horns on your head.
Your spells are harder to cast, but more powerful.


Message History

a demon blade of flaming; a scale mail; an infernal demonspawn corpse
B - a demon blade of flaming
Things that are here:
a dagger; a robe; an orc corpse
Press: ? - help, v - describe, . - travel, g - get item A +0 great sword of slicing.
There is something else lying underneath.
The floor, spattered with blood.
Unknown command.
A torturous demonspawn comes into view. It is wielding a trident.
Casting: Ensorcelled Hibernation
Confirm with . or Enter, or press ? or * to list all spells.
Aiming: Ensorcelled Hibernation
Press: ? - help, Shift-Dir - straight line, f - torturous demonspawn
Aim: a torturous demonspawn, wielding a trident and wearing a ring mail (hasn't noticed you, chance to defeat MR: 55%)
The torturous demonspawn looks drowsy...
A torturous demonspawn comes into view. It is wielding a demon whip of venom.
Casting: Ensorcelled Hibernation
Confirm with . or Enter, or press ? or * to list all spells.
Aiming: Confuse
Press: ? - help, Shift-Dir - straight line, f - torturous demonspawn, p - torturous demonspawn
Aim: a torturous demonspawn, wielding a demon whip of venom and wearing a ring mail (hasn't noticed you, chance to defeat MR: 71%)
The torturous demonspawn struggles to resist.
The torturous demonspawn closely misses you.
An orc sorcerer comes into view. It is wielding a dagger.
Casting: Confuse
Confirm with . or Enter, or press ? or * to list all spells.
Aiming: Confuse
Press: ? - help, Shift-Dir - straight line, f/p - torturous demonspawn
Aim: a torturous demonspawn, wielding a demon whip of venom and wearing a ring mail (chance to defeat MR: 71%)
Okay, then.
Evoke which item? (* to show all) (? for menu, Esc to quit)
Okay, then.
Unknown command.
Casting: Confuse
Confirm with . or Enter, or press ? or * to list all spells.
Aiming: Confuse
Press: ? - help, Shift-Dir - straight line, f/p - torturous demonspawn
Aim: a torturous demonspawn, wielding a demon whip of venom and wearing a ring mail (chance to defeat MR: 71%)
The torturous demonspawn struggles to resist.
The orc sorcerer shouts!
The torturous demonspawn misses you.
The torturous demonspawn barely misses you.
Casting: Confuse
Confirm with . or Enter, or press ? or * to list all spells.
Aiming: Confuse
Press: ? - help, Shift-Dir - straight line, f/p - torturous demonspawn
Aim: a torturous demonspawn, wielding a demon whip of venom and wearing a ring mail (chance to defeat MR: 71%)
The torturous demonspawn appears confused.
The torturous demonspawn hits itself with a demon whip of venom!
The torturous demonspawn is poisoned.
Casting: Confuse
Confirm with . or Enter, or press ? or * to list all spells.
Aiming: Confuse
Press: ? - help, Shift-Dir - straight line, p - torturous demonspawn The torturous demonspawn appears confused.
The torturous demonspawn closely misses you.
The orc sorcerer casts a spell.
You are struck by the torturous demonspawn's spines.
* * * LOW HITPOINT WARNING * * *
You hit the torturous demonspawn but do no damage.
The torturous demonspawn looks as sick as possible!
You headbutt the torturous demonspawn!
You bite the torturous demonspawn, but do no damage.
The torturous demonspawn is heavily wounded.
The torturous demonspawn completely misses you.
You are struck by the torturous demonspawn's spines.
* * * LOW HITPOINT WARNING * * *
You hit the torturous demonspawn.
The torturous demonspawn looks as sick as possible!
You headbutt the torturous demonspawn, but do no damage.
The torturous demonspawn is heavily wounded.
You strike the helpless torturous demonspawn from behind!
You perforate the torturous demonspawn like a sieve!!!
You kill the torturous demonspawn!
Cheibriados appreciates the change of pace.
Your Spellcasting skill increases to level 9!
Unknown command.
The torturous demonspawn hits the sun demon with a trident!
The sun demon closely misses you.
The torturous demonspawn hits you with a trident.
* * * LOW HITPOINT WARNING * * *
The sun demon completely misses you.
Found Uheu's Antique Armour Shoppe and Cidghoho's Gadget Emporium.
Unknown command.
Unknown command.
You hit the torturous demonspawn but do no damage.
The torturous demonspawn is poisoned.
You bite the torturous demonspawn, but do no damage.
The sun demon hits you but does no damage.
You are struck by the torturous demonspawn's spines.
* * * LOW HITPOINT WARNING * * *
You catch the helpless torturous demonspawn completely off-guard!
You perforate the torturous demonspawn like a sieve!!!
The torturous demonspawn looks as sick as possible!
You headbutt the torturous demonspawn, but do no damage.
You bite the torturous demonspawn.
The torturous demonspawn is severely wounded.
The sun demon hits you!!
You die...

##.))[.....# ##.))#)#.#...#
........ ##...##...##o..#
#....... ##..)##..#..##o..
#....... ##..)##..###..##.. ##
....... ##.#)##..## ##..##o#)## #
......###..)##..## ..##..##)..###
.......###.#.##..#∩.∩# .##.#.###.
........###...##@3# ##...###..
.........###...##6o...##...###..)
......##..###...##...##...###.(##
......###..###...##.##[).###)[###
.......###..###)..###...###[(## #
........###..##).).#....##..## #
.........###.)#)#.....#)#.)## #
..........###|)....).).)[[## #
.......(..# ##)..#.#.#.[[## #


You could see a sun demon, a torturous demonspawn (confused) and an orc
sorcerer.

Vanquished Creatures
  A minotaur (Lab)
  Erolcha (D:12)
  A hydra (D:10)
  6 orc high priests (Orc:2)
  An infernal demonspawn (Orc:2)
  A torturous demonspawn (Orc:2)
  4 orc knights (Orc:2)
  Pikel (D:5)
  4 orc sorcerers (Orc:2)
  A rust devil (Orc:2)
  Psyche (D:8)
  An orange demon (Orc:2)
  A hellwing (Orc:2)
  3 trolls
  2 dream sheep (D:10)
  A ynoxinul (Orc:2)
  2 yaks (D:10)
  A hornet zombie (D:8)
  An ice beast (D:8)
  A black bear (D:9)
  18 orc warriors
  2 phantoms
  A necrophage (D:8)
  A centaur (D:8)
  4 ogres
  3 big kobolds (D:10)
  4 bullfrogs
  Blork the orc (D:5)
  A wyvern skeleton (D:8)
  A scorpion (D:6)
  9 killer bees
  4 howler monkeys
  A crimson imp (D:9)
  A centaur zombie (D:8)
  2 quasits
  4 hounds
  3 jellies
  15 orc priests
  8 orc wizards
  2 iguanas (D:6)
  Ijyb (D:5)
  6 worker ants
  A hound skeleton (D:7)
  8 adders
  4 gnolls
  A shadow imp (D:6)
  2 oozes
  An adder skeleton (D:7)
  4 leopard geckos
  46 orcs
  A giant cockroach (D:2)
  4 hobgoblins
  2 jackals (D:7)
  3 kobolds
  A quokka (D:5)
  3 frilled lizards
  4 goblins
  A jackal skeleton (D:7)
  A leopard gecko skeleton (D:5)
  4 rats
218 creatures vanquished.

Vanquished Creatures (collateral kills)
  A two-headed ogre (D:9)
1 creature vanquished.

Vanquished Creatures (others)
  A troll (D:9)
1 creature vanquished.

Grand Total: 220 creatures vanquished

Notes
Turn   | Place    | Note
-------+----------+-------------------------------------------
     0 | D:1      | tidbits the Gnoll Enchanter began the quest for the Orb.
     0 | D:1      | Reached XP level 1. HP: 13/13 MP: 6/6
    76 | D:1      | Reached XP level 2. HP: 5/19 MP: 5/7
   120 | D:1      | Learned a level 2 spell: Ensorcelled Hibernation
   290 | D:2      | Reached XP level 3. HP: 11/25 MP: 6/9
   295 | D:2      | Learned a level 3 spell: Confuse
   299 | D:2      | Learned a level 3 spell: Dazzling Spray
   321 | D:3      | Reached skill level 5 in Spellcasting
   418 | D:3      | Reached skill level 6 in Stealth
   438 | D:2      | Found a snail-covered altar of Cheibriados.
   438 | D:2      | Found an iron altar of Okawaru.
   442 | D:2      | Became a worshipper of Cheibriados the Contemplative
   552 | D:2      | Reached skill level 1 in Invocations
   582 | D:2      | Reached skill level 1 in Fighting
   582 | D:2      | Reached skill level 1 in Long Blades
   582 | D:2      | Reached skill level 1 in Axes
   582 | D:2      | Reached skill level 1 in Maces & Flails
   582 | D:2      | Reached skill level 1 in Polearms
   582 | D:2      | Reached skill level 1 in Staves
   582 | D:2      | Reached skill level 1 in Slings
   582 | D:2      | Reached skill level 1 in Bows
   582 | D:2      | Reached skill level 1 in Crossbows
   582 | D:2      | Reached skill level 1 in Throwing
   582 | D:2      | Reached skill level 1 in Armour
   582 | D:2      | Reached skill level 1 in Shields
   582 | D:2      | Reached skill level 1 in Unarmed Combat
   582 | D:2      | Reached skill level 1 in Evocations
   744 | D:3      | Reached XP level 4. HP: 32/32 MP: 8/11
   959 | D:5      | Entered Level 5 of the Dungeon
   983 | D:5      | Found a sacrificial altar of Ru.
  1027 | D:5      | Found a hazy altar of Hepliaklqana.
  1033 | D:5      | Noticed Ijyb
  1043 | D:5      | Killed Ijyb
  1043 | D:5      | Reached skill level 1 in Conjurations
  1043 | D:5      | Reached skill level 1 in Charms
  1043 | D:5      | Reached skill level 1 in Summonings
  1043 | D:5      | Reached skill level 1 in Necromancy
  1043 | D:5      | Reached skill level 1 in Translocations
  1043 | D:5      | Reached skill level 1 in Transmutations
  1043 | D:5      | Reached skill level 1 in Fire Magic
  1043 | D:5      | Reached skill level 1 in Ice Magic
  1043 | D:5      | Reached skill level 1 in Air Magic
  1043 | D:5      | Reached skill level 1 in Earth Magic
  1043 | D:5      | Reached skill level 1 in Poison Magic
  1059 | D:5      | Noticed Pikel
  1061 | D:5      | Noticed a slave
  1069 | D:5      | Killed Pikel
  1069 | D:5      | Reached skill level 2 in Fighting
  1069 | D:5      | Reached skill level 3 in Short Blades
  1069 | D:5      | Reached skill level 2 in Long Blades
  1069 | D:5      | Reached skill level 2 in Axes
  1069 | D:5      | Reached skill level 2 in Maces & Flails
  1069 | D:5      | Reached skill level 2 in Polearms
  1069 | D:5      | Reached skill level 2 in Staves
  1069 | D:5      | Reached skill level 2 in Slings
  1069 | D:5      | Reached skill level 2 in Bows
  1069 | D:5      | Reached skill level 2 in Crossbows
  1069 | D:5      | Reached skill level 2 in Throwing
  1069 | D:5      | Reached skill level 2 in Armour
  1069 | D:5      | Reached skill level 5 in Dodging
  1069 | D:5      | Reached skill level 2 in Shields
  1069 | D:5      | Reached skill level 2 in Unarmed Combat
  1069 | D:5      | Reached skill level 2 in Invocations
  1069 | D:5      | Reached skill level 2 in Evocations
  1069 | D:5      | Reached XP level 5. HP: 7/39 MP: 2/13
  1069 | D:5      | Reached XP level 6. HP: 9/45 MP: 2/14
  1069 | D:5      | Reached XP level 7. HP: 10/51 MP: 2/15
  1109 | D:6      | Reached skill level 2 in Conjurations
  1109 | D:6      | Reached skill level 2 in Charms
  1109 | D:6      | Reached skill level 2 in Summonings
  1109 | D:6      | Reached skill level 2 in Necromancy
  1109 | D:6      | Reached skill level 2 in Translocations
  1109 | D:6      | Reached skill level 2 in Transmutations
  1109 | D:6      | Reached skill level 2 in Fire Magic
  1109 | D:6      | Reached skill level 2 in Ice Magic
  1109 | D:6      | Reached skill level 2 in Air Magic
  1109 | D:6      | Reached skill level 2 in Earth Magic
  1109 | D:6      | Reached skill level 2 in Poison Magic
  1125 | D:6      | Reached * piety under Cheibriados
  1208 | D:6      | Reached skill level 3 in Invocations
  1230 | D:5      | Noticed Blork the orc
  1233 | D:5      | Killed Blork the orc
  1240 | D:5      | Reached XP level 8. HP: 27/57 MP: 16/16
  1311 | D:4      | Reached skill level 6 in Hexes
  1332 | D:4      | Reached skill level 4 in Short Blades
  1401 | D:5      | Reached skill level 3 in Fighting
  1401 | D:5      | Reached skill level 3 in Long Blades
  1401 | D:5      | Reached skill level 3 in Axes
  1401 | D:5      | Reached skill level 3 in Maces & Flails
  1401 | D:5      | Reached skill level 3 in Polearms
  1401 | D:5      | Reached skill level 3 in Staves
  1401 | D:5      | Reached skill level 3 in Slings
  1401 | D:5      | Reached skill level 3 in Bows
  1401 | D:5      | Reached skill level 3 in Crossbows
  1401 | D:5      | Reached skill level 3 in Throwing
  1401 | D:5      | Reached skill level 3 in Armour
  1401 | D:5      | Reached skill level 3 in Shields
  1401 | D:5      | Reached skill level 3 in Unarmed Combat
  1401 | D:5      | Reached skill level 3 in Evocations
  1414 | D:5      | Noticed fly's ghost (novice HuSk)
  1458 | D:6      | Reached ** piety under Cheibriados
  1471 | D:6      | Reached skill level 6 in Spellcasting
  1592 | D:8      | Noticed Psyche
  1674 | D:7      | Reached skill level 7 in Stealth
  1677 | D:7      | Reached *** piety under Cheibriados
  1678 | D:7      | Reached skill level 3 in Conjurations
  1678 | D:7      | Reached skill level 3 in Charms
  1678 | D:7      | Reached skill level 3 in Summonings
  1678 | D:7      | Reached skill level 3 in Necromancy
  1678 | D:7      | Reached skill level 3 in Translocations
  1678 | D:7      | Reached skill level 3 in Transmutations
  1678 | D:7      | Reached skill level 3 in Fire Magic
  1678 | D:7      | Reached skill level 3 in Ice Magic
  1678 | D:7      | Reached skill level 3 in Air Magic
  1678 | D:7      | Reached skill level 3 in Earth Magic
  1678 | D:7      | Reached skill level 3 in Poison Magic
  1678 | D:7      | Reached skill level 4 in Invocations
  1694 | D:7      | Reached XP level 9. HP: 21/65 MP: 8/18
  1698 | D:7      | Reached skill level 6 in Dodging
  1772 | D:8      | Found a shadowy altar of Dithmenos.
  1824 | D:8      | Reached skill level 4 in Fighting
  1824 | D:8      | Reached skill level 4 in Long Blades
  1824 | D:8      | Reached skill level 4 in Axes
  1824 | D:8      | Reached skill level 4 in Maces & Flails
  1824 | D:8      | Reached skill level 4 in Polearms
  1824 | D:8      | Reached skill level 4 in Staves
  1824 | D:8      | Reached skill level 4 in Slings
  1824 | D:8      | Reached skill level 4 in Bows
  1824 | D:8      | Reached skill level 4 in Crossbows
  1824 | D:8      | Reached skill level 4 in Throwing
  1824 | D:8      | Reached skill level 4 in Armour
  1824 | D:8      | Reached skill level 4 in Shields
  1824 | D:8      | Reached skill level 4 in Unarmed Combat
  1824 | D:8      | Reached skill level 4 in Evocations
  1870 | D:8      | Noticed a two-headed ogre
  1877 | D:7      | Learned a level 3 spell: Tukima's Dance
  1925 | D:8      | Reached **** piety under Cheibriados
  1948 | D:8      | Reached skill level 5 in Short Blades
  1997 | D:8      | Killed Psyche
  2034 | D:9      | Found a shimmering altar of Xom.
  2034 | D:9      | Noticed a troll
  2034 | D:9      | Noticed a two-headed ogre
  2097 | D:9      | Found Zoath's Assorted Antiques.
  2097 | D:9      | Noticed a troll
  2104 | D:9      | Killed a troll
  2104 | D:9      | Reached skill level 5 in Invocations
  2126 | D:9      | Bought a scroll labeled DEUD LALEOLOXO for 25 gold pieces
  2126 | D:9      | Bought a scroll labeled FOV DAIWEANIL for 25 gold pieces
  2126 | D:9      | Bought 2 potions of curing for 150 gold pieces
  2126 | D:9      | Bought 2 scrolls labeled ELUN CIPESH for 50 gold pieces
  2126 | D:9      | Bought a scroll labeled FOV DAIWEANIL for 25 gold pieces
  2148 | D:9      | Killed a troll
  2170 | D:9      | Killed a two-headed ogre
  2170 | D:9      | Reached skill level 7 in Spellcasting
  2170 | D:9      | Reached skill level 4 in Conjurations
  2170 | D:9      | Reached skill level 4 in Charms
  2170 | D:9      | Reached skill level 4 in Summonings
  2170 | D:9      | Reached skill level 4 in Necromancy
  2170 | D:9      | Reached skill level 4 in Translocations
  2170 | D:9      | Reached skill level 4 in Transmutations
  2170 | D:9      | Reached skill level 4 in Fire Magic
  2170 | D:9      | Reached skill level 4 in Ice Magic
  2170 | D:9      | Reached skill level 4 in Air Magic
  2170 | D:9      | Reached skill level 4 in Earth Magic
  2170 | D:9      | Reached skill level 4 in Poison Magic
  2170 | D:9      | Reached XP level 10. HP: 24/73 MP: 3/20
  2190 | D:10     | Entered Level 10 of the Dungeon
  2254 | D:10     | Reached skill level 5 in Fighting
  2254 | D:10     | Reached skill level 5 in Long Blades
  2254 | D:10     | Reached skill level 5 in Axes
  2254 | D:10     | Reached skill level 5 in Maces & Flails
  2254 | D:10     | Reached skill level 5 in Polearms
  2254 | D:10     | Reached skill level 5 in Staves
  2254 | D:10     | Reached skill level 5 in Slings
  2254 | D:10     | Reached skill level 5 in Bows
  2254 | D:10     | Reached skill level 5 in Crossbows
  2254 | D:10     | Reached skill level 5 in Throwing
  2254 | D:10     | Reached skill level 5 in Armour
  2254 | D:10     | Reached skill level 5 in Shields
  2254 | D:10     | Reached skill level 5 in Unarmed Combat
  2254 | D:10     | Reached skill level 5 in Evocations
  2260 | D:10     | Reached ***** piety under Cheibriados
  2260 | D:10     | Reached skill level 7 in Hexes
  2264 | D:10     | Reached skill level 8 in Stealth
  2265 | D:10     | Reached skill level 7 in Dodging
  2284 | D:10     | Noticed a three-headed hydra
  2289 | D:10     | Killed a three-headed hydra
  2289 | D:10     | Reached skill level 6 in Short Blades
  2321 | D:10     | Reached skill level 6 in Invocations
  2345 | D:10     | Found Raopity's Assorted Antiques.
  2362 | D:10     | Bought a scroll labeled PUP ZA WIOTIS for 20 gold pieces
  2362 | D:10     | Bought a ruby potion for 18 gold pieces
  2362 | D:10     | Bought a scroll labeled UNETIUH TIBED for 20 gold pieces
  2362 | D:10     | Bought a scroll of identify for 40 gold pieces
  2374 | D:9      | Found Bezygit's Jewellery Shoppe.
  2521 | D:12     | Noticed a deep elf mage
  2525 | D:12     | Noticed Erolcha
  2533 | D:12     | Found a labyrinth entrance.
  2552 | Lab      | Entered a labyrinth
  2673 | Lab      | Noticed a minotaur
  2680 | Lab      | Killed a minotaur
  2689 | Lab      | Identified Rathos's Grimoire of Damaging Envenoming
  2705 | D:12     | Killed Erolcha
  2705 | D:12     | Reached XP level 11. HP: 67/81 MP: 22/22
  2721 | D:12     | Found a staircase to the Orcish Mines.
  2740 | D:12     | Found a roughly hewn altar of Beogh.
  2775 | Orc:1    | Entered Level 1 of the Orcish Mines
  2856 | Orc:1    | Reached skill level 6 in Fighting
  2856 | Orc:1    | Reached skill level 6 in Long Blades
  2856 | Orc:1    | Reached skill level 6 in Axes
  2856 | Orc:1    | Reached skill level 6 in Maces & Flails
  2856 | Orc:1    | Reached skill level 6 in Polearms
  2856 | Orc:1    | Reached skill level 6 in Staves
  2856 | Orc:1    | Reached skill level 6 in Slings
  2856 | Orc:1    | Reached skill level 6 in Bows
  2856 | Orc:1    | Reached skill level 6 in Crossbows
  2856 | Orc:1    | Reached skill level 6 in Throwing
  2856 | Orc:1    | Reached skill level 6 in Armour
  2856 | Orc:1    | Reached skill level 6 in Shields
  2856 | Orc:1    | Reached skill level 6 in Unarmed Combat
  2856 | Orc:1    | Reached skill level 6 in Evocations
  2882 | Orc:2    | Entered Level 2 of the Orcish Mines
  2909 | Orc:2    | Found Juvaff's Armour Boutique.
  2914 | Orc:2    | Found a staircase to the Elven Halls.
  2936 | Orc:2    | Reached skill level 5 in Conjurations
  2936 | Orc:2    | Reached skill level 5 in Charms
  2936 | Orc:2    | Reached skill level 5 in Summonings
  2936 | Orc:2    | Reached skill level 5 in Necromancy
  2936 | Orc:2    | Reached skill level 5 in Translocations
  2936 | Orc:2    | Reached skill level 5 in Transmutations
  2936 | Orc:2    | Reached skill level 5 in Fire Magic
  2936 | Orc:2    | Reached skill level 5 in Ice Magic
  2936 | Orc:2    | Reached skill level 5 in Air Magic
  2936 | Orc:2    | Reached skill level 5 in Earth Magic
  2936 | Orc:2    | Reached skill level 5 in Poison Magic
  2993 | Orc:2    | Noticed an orc knight
  2993 | Orc:2    | Reached ****** piety under Cheibriados
  2997 | Orc:2    | Found Ocyxor's Distillery.
  2998 | Orc:2    | Reached skill level 8 in Spellcasting
  3002 | Orc:2    | Found Fobaqyub's Distillery.
  3003 | Orc:2    | Killed an orc knight
  3094 | Orc:1    | Noticed an orc knight
  3179 | Orc:2    | Bought a potion of mutation for 104 gold pieces
  3179 | Orc:2    | Gained mutation: You occasionally shout uncontrollably at your foes. [potion of mutation]
  3179 | Orc:2    | Gained mutation: You tend to lose your temper in combat. [potion of mutation]
  3179 | Orc:2    | Gained mutation: You have a pair of small horns on your head. [potion of mutation]
  3182 | Orc:2    | Bought a potion of mutation for 112 gold pieces
  3182 | Orc:2    | Lost mutation: You tend to lose your temper in combat. [potion of mutation]
  3182 | Orc:2    | Lost mutation: You occasionally shout uncontrollably at your foes. [potion of mutation]
  3182 | Orc:2    | Gained mutation: Your spells are a little harder to cast, but a little more powerful. [potion of mutation]
  3182 | Orc:2    | Gained mutation: Your spells are harder to cast, but more powerful. [potion of mutation]
  3199 | Orc:2    | Reached skill level 7 in Invocations
  3207 | Orc:2    | Noticed an orc high priest
  3212 | Orc:2    | Learned a level 3 spell: Mephitic Cloud
  3212 | Orc:2    | Noticed an orc knight
  3224 | Orc:2    | Reached skill level 7 in Short Blades
  3224 | Orc:2    | Reached skill level 8 in Dodging
  3228 | Orc:2    | Noticed an orc high priest
  3228 | Orc:2    | Noticed an orc high priest
  3229 | Orc:2    | Killed an orc high priest
  3230 | Orc:2    | Noticed an orc knight
  3231 | Orc:2    | HP: 8/83 [orc high priest/halberd (4)]
  3235 | Orc:2    | Killed an orc high priest
  3235 | Orc:2    | Reached skill level 9 in Stealth
  3260 | Orc:2    | Killed an orc knight
  3260 | Orc:2    | Reached XP level 12. HP: 38/89 MP: 16/24
  3275 | Orc:2    | Killed an orc high priest
  3280 | Orc:2    | Reached skill level 8 in Hexes
  3294 | Orc:2    | Noticed an orc high priest
  3310 | Orc:2    | Noticed an orc high priest
  3314 | Orc:2    | Killed an orc high priest
  3314 | Orc:2    | Reached skill level 7 in Fighting
  3314 | Orc:2    | Reached skill level 7 in Long Blades
  3314 | Orc:2    | Reached skill level 7 in Axes
  3314 | Orc:2    | Reached skill level 7 in Maces & Flails
  3314 | Orc:2    | Reached skill level 7 in Polearms
  3314 | Orc:2    | Reached skill level 7 in Staves
  3314 | Orc:2    | Reached skill level 7 in Slings
  3314 | Orc:2    | Reached skill level 7 in Bows
  3314 | Orc:2    | Reached skill level 7 in Crossbows
  3314 | Orc:2    | Reached skill level 7 in Throwing
  3314 | Orc:2    | Reached skill level 7 in Armour
  3314 | Orc:2    | Reached skill level 7 in Shields
  3314 | Orc:2    | Reached skill level 7 in Unarmed Combat
  3314 | Orc:2    | Reached skill level 7 in Evocations
  3333 | Orc:2    | Noticed an orc high priest
  3348 | Orc:2    | Killed an orc high priest
  3349 | Orc:2    | Paralysed by an orc sorcerer for 2 turns
  3358 | Orc:2    | Noticed a sun demon
  3361 | Orc:2    | HP: 9/91 [orc sorcerer/bolt of negative energy (24)]
  3363 | Orc:2    | Killed an orc high priest
  3363 | Orc:2    | Reached skill level 6 in Conjurations
  3363 | Orc:2    | Reached skill level 6 in Charms
  3363 | Orc:2    | Reached skill level 6 in Summonings
  3363 | Orc:2    | Reached skill level 6 in Necromancy
  3363 | Orc:2    | Reached skill level 6 in Translocations
  3363 | Orc:2    | Reached skill level 6 in Transmutations
  3363 | Orc:2    | Reached skill level 6 in Fire Magic
  3363 | Orc:2    | Reached skill level 6 in Ice Magic
  3363 | Orc:2    | Reached skill level 6 in Air Magic
  3363 | Orc:2    | Reached skill level 6 in Earth Magic
  3363 | Orc:2    | Reached skill level 6 in Poison Magic
  3363 | Orc:2    | Reached skill level 8 in Invocations
  3401 | Orc:2    | Reached skill level 9 in Spellcasting
  3402 | Orc:2    | Noticed a sun demon
  3402 | Orc:2    | Found Uheu's Antique Armour Shoppe.
  3402 | Orc:2    | Found Cidghoho's Gadget Emporium.
  3404 | Orc:2    | Slain by a sun demon

Skill      XL: |  1  2  3  4  5  6  7  8  9 10 11 12 |
---------------+-------------------------------------+-----
Spellcasting   | 5 6 7 8 9 |  9.0
Stealth        | 6 7 8 9 |  9.5
Invocations    | 1 2 3 4 5 6 7 8 |  8.0
Fighting       | 1 2 3 4 5 6 7 |  7.3
Long Blades    | 1 2 3 4 5 6 7 |  7.3
Axes           | 1 2 3 4 5 6 7 |  7.3
Maces & Flails | 1 2 3 4 5 6 7 |  7.3
Polearms       | 1 2 3 4 5 6 7 |  7.3
Staves         | 1 2 3 4 5 6 7 |  7.3
Slings         | 1 2 3 4 5 6 7 |  7.3
Bows           | 1 2 3 4 5 6 7 |  7.3
Crossbows      | 1 2 3 4 5 6 7 |  7.3
Throwing       | 1 2 3 4 5 6 7 |  7.3
Armour         | 1 2 3 4 5 6 7 |  7.3
Shields        | 1 2 3 4 5 6 7 |  7.3
Unarmed Combat | 1 2 3 4 5 6 7 |  7.3
Evocations     | 1 2 3 4 5 6 7 |  7.3
Conjurations   | 1 2 3 4 5 6 |  6.1
Charms         | 1 2 3 4 5 6 |  6.1
Summonings     | 1 2 3 4 5 6 |  6.1
Necromancy     | 1 2 3 4 5 6 |  6.1
Translocations | 1 2 3 4 5 6 |  6.1
Transmutations | 1 2 3 4 5 6 |  6.1
Fire Magic     | 1 2 3 4 5 6 |  6.1
Ice Magic      | 1 2 3 4 5 6 |  6.1
Air Magic      | 1 2 3 4 5 6 |  6.1
Earth Magic    | 1 2 3 4 5 6 |  6.1
Poison Magic   | 1 2 3 4 5 6 |  6.1
Short Blades   | 3 4 5 6 7 |  7.8
Dodging        | 5 6 7 8 |  8.7
Hexes          | 6 7 8 |  8.3

Action                   |  1- 3 |  4- 6 |  7- 9 | 10-12 || total
-------------------------+-------+-------+-------+-------++-------
Melee: Dagger            |    57 |     4 |    72 |   111 ||   244
       Bite              |     6 |       |    16 |    21 ||    43
       Whip              |       |       |    68 |    10 ||    78
       Punch             |       |       |     4 |     1 ||     5
       Great sword       |       |       |     6 |       ||     6
       Headbutt          |       |       |       |     5 ||     5
 Cast: Corona            |     8 |       |       |       ||     8
       Ensorcelled Hiber |    14 |     7 |    38 |    56 ||   115
       Confuse           |       |     1 |    33 |    22 ||    56
       Dazzling Spray    |       |       |     2 |    14 ||    16
       Tukima's Dance    |       |       |     3 |       ||     3
Invok: Slouch            |       |       |       |     5 ||     5
Evoke: Wand              |     1 |     2 |    10 |    43 ||    56
  Use: Potion            |     1 |     2 |     2 |     4 ||     9
       Scroll            |     3 |       |     7 |     4 ||    14
 Stab: Sleeping          |    11 |     4 |    27 |    44 ||    86
       Confused          |       |       |    10 |    10 ||    20
       Invisible         |       |       |     2 |     9 ||    11
       Distracted        |       |       |     1 |       ||     1
       Paralysed         |       |       |       |     7 ||     7
  Eat: Ration            |       |       |     1 |       ||     1
       Chunk             |       |       |       |     3 ||     3
Armor: Robe              |     5 |       |     6 |       ||    11
       Troll leather arm |       |       |       |    13 ||    13
Dodge: Dodged            |    37 |     4 |   125 |   114 ||   280
       Rpst.: Great sword |       |       |     3 |       ||     3

Table legend:
 A = Turns spent in this place as a percentage of turns spent in the entire game.
 B = Non-inter-level travel turns spent in this place as a percentage of non-inter-level travel turns spent in the entire game.
 C = Inter-level travel turns spent in this place as a percentage of turns spent in this place.
 D = Turns resting spent in this place as a percentage of non-inter-level travel turns spent in this place.
 E = Turns spent auto-exploring this place as a percentage of non-inter-level travel turns spent in this place.
 F = Non-inter-level travel turns spent in this place divided by the number of levels of this place that you've seen.
                   A       B       C       D       E      F
               +-------+-------+-------+-------+-------+----------------------
         Total | 100.0 | 100.0 |   0.0 |   0.0 |   0.0 | 226.9
       Dungeon |  77.3 |  77.3 |   0.0 |   0.0 |   0.0 | 219.3
  Orcish Mines |  18.5 |  18.5 |   0.0 |   0.0 |   0.0 | 314.5
     Labyrinth |   4.2 |   4.2 |   0.0 |   0.0 |   0.0 | 143.0
               +-------+-------+-------+-------+-------+----------------------

Table legend:
 A = Kills in this place as a percentage of kills in entire the game.
 B = Kills by you in this place as a percentage of kills by you in the entire game.
 C = Kills by friends in this place as a percentage of kills by friends in the entire game.
 D = Other kills in this place as a percentage of other kills in the entire game.
 E = Experience gained in this place as a percentage of experience gained in the entire game.
 F = Experience gained in this place divided by the number of levels of this place that you have seen.
                   A       B       C       D       E      F
               +-------+-------+-------+-------+-------+----------------------
         Total | 100.0 | 100.0 | 100.0 | 100.0 | 100.0 | 1786.1
       Dungeon |  62.1 |  62.3 | 100.0 |  33.3 |  35.0 | 780.6
  Orcish Mines |  37.4 |  37.2 |   0.0 |  66.7 |  60.8 | 8150.5
     Labyrinth |   0.5 |   0.5 |   0.0 |   0.0 |   4.2 | 1124.0
               +-------+-------+-------+-------+-------+----------------------

Vault maps used:
D:1:      matt_arrival_spirals, minmay_curled_crystal
D:2:      lemuel_doored_altar, gammafunk_temple_overflow_wave,
          minmay_lizard_king, uniq_natasha
D:3:      first_ration, lemuel_blue_sif_altar, uniq_grinder,
          uniq_crazy_yiuf_cottage
D:4:      makhleb_blood_cavern_becter
D:5:      overflow_temple_1_default, kennysheep_mini,
          hangedman_abyss_or_decor_passed, uniq_ijyb, uniq_blork_the_orc,
          uniq_pikel
D:6:      minmay_temple_entry_butterflies
D:8:      corexii_shack_village, nicolae_dithmenos_through_a_glass_darkly,
          uniq_psyche
D:9:      xom_confusion_cloud, bloody_trog, serial_shops, kennysheep_little_box,
          nicolae_shop_trees, nicolae_shop_statue_plus, nicolae_shop_waterfront,
          nicolae_shop_temple_entry_statues_fountains
D:10:     minmay_lair_entry_lava, serial_shops,
          nicolae_shop_competitors_out_of_business, hangedman_ranch, uniq_snorg
D:12:     minmay_orc_entry_temple_small, lab_entry_generic, uniq_erolcha
Orc:2:    pf_orc_diabolical, serial_shops, shop
Lab:      labyrinth_spiral
